 Dungeon Crawl Stone Soup version 0.21-a0-314-gb3271ec (webtiles) character file.

767 tidbits the Charmwright (level 7, -3/57 HPs)
             Began as a Gnoll Skald on Sept 29, 2017.
             Slain by a centaur (8 damage)
             ... on level 6 of the Dungeon.
             The game lasted 00:11:50 (1739 turns).

tidbits the Charmwright (Gnoll Skald)               Turns: 1739, Time: 00:11:50

Health: -3/57      AC:  8    Str: 10 (12) XL:     7   Next: 82%
Magic:  2/15       EV: 14    Int: 16 (17) God:
Gold:   127        SH:  0    Dex: 13 (14) Spells: 6/17 levels left

rFire    . . .     SeeInvis +   a - +0 falchion
rCold    . . .     Gourm    .   (no shield)
rNeg     . . .     Faith    .   B - +0 leather armour
rPois    .         Spirit   .   E - +0 helmet
rElec    .         Reflect  .   C - +1 cloak
rCorr    .         Harm     .   (no gloves)
MR       .....                  F - +0 pair of boots
Stlth    ++........             R - amulet of regeneration
HPRegen  0.59/turn              v - -2 ring of strength
MPRegen  0.14/turn              I - ring of see invisible

@: infused, hasted, very quick
A: distributed training, fangs 1, strong nose
a: no special abilities


You were on level 6 of the Dungeon.
You were hungry.

You visited 1 branch of the dungeon, and saw 6 of its levels.

You collected 127 gold pieces.

Inventory:

Hand Weapons
 a - a +0 falchion (weapon)
 k - a +0 hunting sling
 q - a +0 morningstar
 y - a +2 flail of crushing
   (You took it off a gnoll on level 6 of the Dungeon)
Missiles
 e - 62 stones (quivered)
 j - 49 arrows
 l - 17 sling bullets
 s - 9 tomahawks
Armour
 n - a +0 ring mail
 B - a +0 leather armour (worn)
 C - a +1 cloak (worn)
 E - a +0 helmet (worn)
 F - a +0 pair of boots (worn)
Jewellery
 i - an uncursed ring of stealth
   (You found it on level 1 of the Dungeon)
 u - an uncursed ring of fire
   (You found it on level 4 of the Dungeon)
 v - a -2 ring of strength (left hand)
   (You found it on level 5 of the Dungeon)
 w - a cursed amulet of inaccuracy {unknown}
   (You found it on level 5 of the Dungeon)
 I - a ring of see invisible (right hand)
   (You found it on level 3 of the Dungeon)
 R - an amulet of regeneration (around neck)
   (You found it on level 3 of the Dungeon)
Scrolls
 b - a scroll of immolation {unknown}
 f - 3 scrolls of remove curse
 h - 2 scrolls of amnesia {unknown}
 m - a scroll of teleportation {unknown}
 r - a scroll of identify {unknown}
 x - 2 scrolls of enchant weapon {unknown}
 z - a scroll of recharging {unknown}
Potions
 g - a potion of haste
 p - a potion of lignification {unknown}
 t - a potion of brilliance {unknown}
Books
 c - a book of Battle

   Spells                             Type                      Level
   a - Infusion                       Charms                       1
   b - Shroud of Golubria             Charms/Translocation         2
   c - Song of Slaying                Charms                       2
   d - Spectral Weapon                Hexes/Charms                 3
   e - Regeneration                   Charms/Necromancy            3
Comestibles
 d - 2 bread rations


   Skills:
 + Level 5.8 Fighting
 + Level 2.3 Short Blades
 + Level 4.4 Long Blades
 + Level 2.6 Axes
 + Level 2.3 Maces & Flails
 + Level 2.0 Polearms
 + Level 3.5 Staves
 + Level 2.0 Slings
 + Level 2.6 Bows
 + Level 2.3 Crossbows
 + Level 2.3 Throwing
 + Level 4.2 Armour
 + Level 5.4 Dodging
 + Level 2.6 Stealth
   Level 0.0 Stabbing
 + Level 2.0 Shields
   Level 0.0 Traps
 + Level 1.3 Unarmed Combat
 + Level 5.5 Spellcasting
 + Level 2.8 Conjurations
 + Level 2.6 Hexes
 + Level 7.1 Charms
 + Level 2.0 Summonings
 + Level 3.5 Necromancy
 + Level 2.6 Translocations
 + Level 2.6 Transmutations
 + Level 2.0 Fire Magic
 + Level 1.7 Ice Magic
 + Level 3.7 Air Magic
 + Level 3.1 Earth Magic
 + Level 2.0 Poison Magic
 + Level 3.3 Invocations
 + Level 2.8 Evocations


You had 6 spell levels left.
You knew the following spells:

 Your Spells              Type           Power        Failure   Level  Hunger
g - Shroud of Golubria    Chrm/Tloc      ###.......   3%          2    #......
i - Infusion              Chrm           ####         1%          1    None
r - Regeneration          Chrm/Necr      ###.......   6%          3    ###....
w - Spectral Weapon       Hex/Chrm       ###.....     8%          3    ###....
y - Song of Slaying       Chrm           ####....     1%          2    #......


Dungeon Overview and Level Annotations

Branches:
Dungeon (6/15)
 Temple: D:4-7

Altars:
Dithmenos

Shops:
D:5 %


Innate Abilities, Weirdness & Mutations

Your experience applies equally to all skills.
You have very sharp teeth.
Your uncanny sense of smell can sniff out nearby items.


Message History

Your spectral weapon hits the ogre!
The ogre hits you with a giant spiked club!
You hit the ogre but do no damage.
The ogre is almost dead.
Your spectral weapon barely misses the ogre.
The ogre barely misses you.
You slash the ogre!
You kill the ogre!
Your Shields skill increases to level 2!
Your Charms skill increases to level 7!
The centaur shoots an arrow.
The arrow hits you!
The centaur unwields an uncursed shortbow.
The centaur hits you.
Items here: )) [[ † a giant spiked club; a short sword; a ring mail; a scale mail; an orc corpse You barely miss the centaur.
Your bite misses the centaur. The centaur hits you.
The crimson imp closely misses you.
You riposte.
You hit the crimson imp.
The crimson imp is lightly wounded.
The centaur barely misses you.
You riposte.
Your leather armour prevents you from hitting the centaur.
You hit the centaur.
The centaur is moderately wounded.
The centaur completely misses you.
The crimson imp hits you but does no damage.
The centaur closely misses you.
You hit the centaur.
The centaur is moderately wounded.
The crimson imp blinks!
The centaur barely misses you.
You hit the centaur but do no damage.
The centaur is moderately wounded.
The centaur completely misses you. The centaur hits you.
* * * LOW HITPOINT WARNING * * *
The crimson imp blinks!
The centaur barely misses you.
You hit the centaur but do no damage.
The centaur is moderately wounded.
Your spectral weapon barely misses the centaur.
The centaur hits you!
* * * LOW HITPOINT WARNING * * *
The centaur barely misses you.
Your leather armour prevents you from hitting the centaur.
The centaur is moderately wounded.
Your spectral weapon fades away.
The centaur hits you but does no damage.
The centaur hits you but does no damage. x2
Items here: )) [[ † a giant spiked club; a short sword; a ring mail; a scale mail; an orc corpse The centaur wields an uncursed shortbow.
The centaur shoots an arrow.
The arrow hits you!
* * * LOW HITPOINT WARNING * * *
You hear a shout! x2
You see here an arrow.
You aren't carrying any items that you can evoke.
Unknown command.
Okay, then.
Casting: Spectral Weapon
Confirm with . or Enter, or press ? or * to list all spells.
Your skin crawls.
You are feeling hungry.
The orc warrior hits you with a hand axe.
* * * LOW HITPOINT WARNING * * *
A jackal zombie comes into view.
The crimson imp blinks!
Your skin is crawling a little less now.
You open the door. The orc warrior closely misses you.
There is an open door here.
You aren't carrying any items that you can evoke.
Unknown command.
As you read the scroll labeled XUWEFUALED, it crumbles to dust.
You feel as if something is helping you.
It was a scroll of remove curse.
Your skin stops crawling.
The orc warrior hits you but does no damage.
The orc wizard gestures at you while chanting.
The magic dart hits you!
Unknown command.
The orc wizard gestures wildly while chanting.
The orc wizard blinks!
The orc wizard barely misses you.
There is an open door here.
Casting: Regeneration
Confirm with . or Enter, or press ? or * to list all spells.
You begin infusing your attacks with magical energy.
The orc wizard barely misses you.
The orc warrior hits you with a hand axe!
* * * LOW HITPOINT WARNING * * *
Unknown command.
It was a potion of haste.
You feel yourself speed up.
The orc wizard hits you but does no damage.
The centaur unwields an uncursed shortbow.
The centaur hits you.
* * * LOW HITPOINT WARNING * * *
The orc warrior hits you with a hand axe.
* * * LOW HITPOINT WARNING * * *
It was a potion of degeneration.
There was something very wrong with that liquid.
You feel weakened.
You feel dopey.
You feel clumsy. The centaur hits you!
You die...

###### ########## #....#
#......... #....# #.........
####### #...[###########.........
....... +....'.c..o.....§(.(.....
####### #....#############Z#####.
######...o#### ##### #..# #.
####............####...####.#....
...............o@o.'.....O.......
####...........c####...#####...o.
####............#.......# .###.
................#.......# 5.
................#.......# ...
......#.........#......... ...
......#.........#.......... ...#
###5..###########............
#....... #.......#####


You could see an orc warrior, a centaur, an orc wizard and an orc.

Vanquished Creatures
  A black bear (D:5)
  An ogre (D:6)
  A bullfrog (D:6)
  A scorpion (D:4)
  A bullfrog zombie (D:5)
  2 hounds
  3 orc priests
  A gnoll shaman (D:6)
  A centaur skeleton (D:6)
  Natasha (D:3)
  8 adders
  3 gnolls (D:6)
  2 dart slugs (D:1)
  2 leopard geckos
  15 orcs
  2 ball pythons (D:2)
  A giant cockroach (D:3)
  8 goblins
  3 hobgoblins
  18 jackals
  7 kobolds
  A quokka (D:2)
  4 bats (D:1)
  11 frilled lizards
  A quokka skeleton (D:2)
  7 rats
106 creatures vanquished.

Notes
Turn   | Place    | Note
-------+----------+-------------------------------------------
     0 | D:1      | tidbits the Gnoll Skald began the quest for the Orb.
     0 | D:1      | Reached XP level 1. HP: 20/20 MP: 6/6
    17 | D:1      | Reached skill level 1 in Polearms
    53 | D:1      | Reached XP level 2. HP: 26/26 MP: 0/7
    72 | D:1      | Learned a level 2 spell: Song of Slaying
    75 | D:1      | Learned a level 2 spell: Shroud of Golubria
    86 | D:1      | Reached skill level 5 in Spellcasting
    93 | D:1      | Reached skill level 1 in Conjurations
   127 | D:1      | Reached skill level 1 in Air Magic
   148 | D:1      | Reached skill level 1 in Necromancy
   189 | D:1      | Reached XP level 3. HP: 29/31 MP: 4/9
   233 | D:1      | Reached skill level 1 in Earth Magic
   286 | D:1      | Reached skill level 1 in Axes
   364 | D:1      | Learned a level 3 spell: Regeneration
   368 | D:1      | Learned a level 3 spell: Spectral Weapon
   439 | D:2      | Reached skill level 3 in Armour
   439 | D:2      | Reached skill level 2 in Necromancy
   446 | D:2      | Reached skill level 1 in Summonings
   469 | D:2      | Reached XP level 4. HP: 23/38 MP: 4/11
   493 | D:2      | Found a shadowy altar of Dithmenos.
   536 | D:2      | Reached skill level 1 in Crossbows
   719 | D:2      | Reached skill level 1 in Throwing
   726 | D:2      | Reached skill level 1 in Poison Magic
   727 | D:2      | Reached skill level 5 in Fighting
   727 | D:2      | Reached skill level 2 in Conjurations
   829 | D:2      | Reached skill level 1 in Fire Magic
   831 | D:2      | Reached skill level 1 in Bows
   875 | D:3      | Reached skill level 2 in Earth Magic
   876 | D:3      | Reached XP level 5. HP: 40/44 MP: 1/12
   880 | D:3      | Reached skill level 1 in Staves
   893 | D:3      | Noticed Natasha
   897 | D:3      | Killed Natasha
   897 | D:3      | Reached skill level 5 in Dodging
   897 | D:3      | Reached skill level 1 in Hexes
   897 | D:3      | Reached skill level 2 in Air Magic
   918 | D:2      | Reached skill level 2 in Axes
   918 | D:2      | Reached skill level 1 in Maces & Flails
   918 | D:2      | Reached skill level 2 in Bows
   918 | D:2      | Reached skill level 1 in Invocations
   998 | D:3      | Reached skill level 2 in Staves
   998 | D:3      | Reached skill level 2 in Crossbows
   998 | D:3      | Reached skill level 4 in Armour
   998 | D:3      | Reached skill level 2 in Fire Magic
   998 | D:3      | Reached XP level 6. HP: 23/51 MP: 9/13
  1028 | D:3      | Reached skill level 1 in Stealth
  1108 | D:3      | Reached skill level 1 in Transmutations
  1214 | D:3      | Reached skill level 1 in Evocations
  1280 | D:4      | Reached skill level 2 in Throwing
  1293 | D:4      | Reached skill level 1 in Slings
  1293 | D:4      | Reached skill level 3 in Necromancy
  1293 | D:4      | Reached skill level 1 in Translocations
  1293 | D:4      | Reached skill level 1 in Ice Magic
  1402 | D:5      | Entered Level 5 of the Dungeon
  1417 | D:5      | Reached skill level 2 in Stealth
  1417 | D:5      | Reached skill level 2 in Hexes
  1463 | D:5      | Noticed a black bear
  1472 | D:5      | Reached skill level 3 in Air Magic
  1472 | D:5      | Reached skill level 2 in Invocations
  1478 | D:5      | Killed a black bear
  1478 | D:5      | Reached skill level 1 in Short Blades
  1478 | D:5      | Reached skill level 3 in Staves
  1478 | D:5      | Reached skill level 1 in Shields
  1478 | D:5      | Reached skill level 2 in Translocations
  1478 | D:5      | Reached skill level 2 in Evocations
  1478 | D:5      | Reached XP level 7. HP: 52/56 MP: 5/15
  1491 | D:5      | Found Xiempov's Food Boutique.
  1531 | D:5      | Reached skill level 2 in Summonings
  1531 | D:5      | Reached skill level 2 in Transmutations
  1601 | D:6      | Reached skill level 2 in Poison Magic
  1610 | D:6      | Reached skill level 2 in Maces & Flails
  1610 | D:6      | Reached skill level 3 in Earth Magic
  1655 | D:6      | Reached skill level 2 in Polearms
  1655 | D:6      | Reached skill level 2 in Slings
  1655 | D:6      | Reached skill level 1 in Unarmed Combat
  1655 | D:6      | Reached skill level 3 in Invocations
  1698 | D:6      | Reached skill level 2 in Short Blades
  1705 | D:6      | Reached skill level 2 in Shields
  1705 | D:6      | Reached skill level 7 in Charms
  1738 | D:6      | HP: 4/57 [orc warrior/hand axe (6)]
  1739 | D:6      | Slain by a centaur

Vault maps used:
D:1:      sevenhm_arrival_forest_fort_small_6
D:2:      grunt_dithmenos_smoke_and_mirrors
D:3:      first_bread, uniq_natasha, uniq_crazy_yiuf_cottage
D:4:      serial_shops, nicolae_shop_stone, uniq_blork_the_orc
D:5:      serial_shops, nicolae_shop_stone
D:6:      basic_altar, serial_shops, shop, nicolae_shop_crystal, shop,
          uniq_duvessa, uniq_menkaure

Skill      XL: |  1  2  3  4  5  6  7 |
---------------+----------------------+-----
Polearms       | 1 2 |  2.0
Spellcasting   | 5 |  5.5
Conjurations   | 1 2 |  2.8
Air Magic      | 1 2 3 |  3.7
Necromancy     | 1 2 3 |  3.5
Earth Magic    | 1 2 3 |  3.1
Axes           | 1 2 |  2.6
Armour         | 3 4 |  4.2
Summonings     | 1 2 |  2.0
Crossbows      | 1 2 |  2.3
Throwing       | 1 2 |  2.3
Poison Magic   | 1 2 |  2.0
Fighting       | 5 |  5.8
Fire Magic     | 1 2 |  2.0
Bows           | 1 2 |  2.6
Staves         | 2 3 |  3.5
Dodging        | 5 |  5.4
Hexes          | 1 2 |  2.6
Maces & Flails | 1 2 |  2.3
Invocations    | 1 2 3 |  3.3
Stealth        | 2 |  2.6
Transmutations | 1 2 |  2.6
Evocations     | 2 |  2.8
Slings         | 1 2 |  2.0
Translocations | 2 |  2.6
Ice Magic      | 1 |  1.7
Short Blades   | 1 2 |  2.3
Shields        | 1 2 |  2.0
Unarmed Combat | 1 |  1.3
Charms         | 7 |  7.1
Long Blades    | |  4.4

Action                   |  1- 3 |  4- 6 |  7- 9 || total
-------------------------+-------+-------+-------++-------
Melee: Falchion          |    90 |   160 |    55 ||   305
       Bite              |     7 |    12 |     4 ||    23
       Punch             |       |     2 |       ||     2
 Cast: Infusion          |     6 |     9 |     3 ||    18
       Shroud of Golubri |     4 |     8 |     3 ||    15
       Song of Slaying   |     2 |     4 |     1 ||     7
       Spectral Weapon   |       |     6 |     1 ||     7
       Regeneration      |       |     1 |     1 ||     2
  Use: Potion            |       |       |     2 ||     2
       Scroll            |       |       |     1 ||     1
 Stab: Sleeping          |     2 |     6 |     1 ||     9
       Distracted        |       |       |     1 ||     1
  Eat: Chunk             |       |     3 |     1 ||     4
Armor: Leather armour    |    23 |    42 |    18 ||    83
Dodge: Dodged            |    76 |   166 |    55 ||   297
       Rpst.: Falchion   |    29 |    43 |    14 ||    86

Table legend:
 A = Spawn XP
 B = Non-spawn XP
 C = Spawn XP percentage of total XP
 D = Spawn monster count
 E = Non-spawn monster count
 F = Spawn count percentage of total count
 G = Total turns spent on level
                    A         B        C        D         E        F      G
               +---------+---------+-------+---------+---------+-------+---------
         Total |       0 |    1097 |   0.0 |       0 |     106 |   0.0 |  1739
               +---------+---------+-------+---------+---------+-------+---------
           D:1 |       0 |      49 |   0.0 |       0 |      29 |   0.0 |   369
           D:2 |       0 |     156 |   0.0 |       0 |      25 |   0.0 |   552
           D:3 |       0 |     181 |   0.0 |       0 |      22 |   0.0 |   350
           D:4 |       0 |      93 |   0.0 |       0 |      10 |   0.0 |   131
           D:5 |       0 |     278 |   0.0 |       0 |      11 |   0.0 |   186
           D:6 |       0 |     340 |   0.0 |       0 |       9 |   0.0 |   151
               +---------+---------+-------+---------+---------+-------+---------

Table legend:
 A = Turns spent in this place as a percentage of turns spent in the entire game.
 B = Non-inter-level travel turns spent in this place as a percentage of non-inter-level travel turns spent in the entire game.
 C = Inter-level travel turns spent in this place as a percentage of turns spent in this place.
 D = Turns resting spent in this place as a percentage of non-inter-level travel turns spent in this place.
 E = Turns spent auto-exploring this place as a percentage of non-inter-level travel turns spent in this place.
 F = Non-inter-level travel turns spent in this place divided by the number of levels of this place that you've seen.
                   A       B       C       D       E      F
               +-------+-------+-------+-------+-------+----------------------
         Total | 100.0 | 100.0 |   0.8 |   0.0 |   0.0 | 287.5
       Dungeon | 100.0 | 100.0 |   0.8 |   0.0 |   0.0 | 287.5
               +-------+-------+-------+-------+-------+----------------------

Table legend:
 A = Kills in this place as a percentage of kills in entire the game.
 B = Kills by you in this place as a percentage of kills by you in the entire game.
 C = Kills by friends in this place as a percentage of kills by friends in the entire game.
 D = Other kills in this place as a percentage of other kills in the entire game.
 E = Experience gained in this place as a percentage of experience gained in the entire game.
 F = Experience gained in this place divided by the number of levels of this place that you have seen.
                   A       B       C       D       E      F
               +-------+-------+-------+-------+-------+----------------------
         Total | 100.0 | 100.0 |   N/A |   N/A | 100.0 | 182.8
       Dungeon | 100.0 | 100.0 |   N/A |   N/A | 100.0 | 182.8
               +-------+-------+-------+-------+-------+----------------------

Vault maps used:
D:1:      sevenhm_arrival_forest_fort_small_6
D:2:      grunt_dithmenos_smoke_and_mirrors
D:3:      first_bread, uniq_natasha, uniq_crazy_yiuf_cottage
D:4:      serial_shops, nicolae_shop_stone, uniq_blork_the_orc
D:5:      serial_shops, nicolae_shop_stone
D:6:      basic_altar, serial_shops, shop, nicolae_shop_crystal, shop,
          uniq_duvessa, uniq_menkaure
